 Dungeon Crawl Stone Soup version 0.30-a0-585-g93115170b9 (webtiles) character file.

Game seed: 11129203930310643160

72 MineK the Stinger (level 4, -2/32 HPs)
             Began as a Gnoll Wanderer on Jan 2, 2023.
             Slain by an iguana (13 damage)
             ... on level 3 of the Dungeon.
             The game lasted 00:08:09 (2229 turns).

MineK the Stinger (Gnoll Wanderer)                  Turns: 2229, Time: 00:08:09

Health: -2/32      AC:  2    Str:  8    XL:     4   Next: 26%
Magic:  0/8        EV: 16    Int: 15    God:
Gold:   124        SH:  0    Dex: 13    Spells: 6/9 levels left

rFire   + . .      SeeInvis .    h - +1 falchion (holy)
rCold   . . .      Faith    .    (no shield)
rNeg    . . .      Spirit   +    e - +0 robe
rPois   .          Reflect  .    (no helmet)
rElec   .          Harm     .    (no cloak)
rCorr   .          Rampage  .    (no gloves)
Will    .....                    (no boots)
Stlth   ++                       g - amulet of guardian spirit
HPRegen 0.25/turn                j - +5 ring of evasion
MPRegen 0.11/turn                o - ring of protection from fire

@: brilliant
A: fangs 1, strong nose, distributed training
a: no special abilities


You were on level 3 of the Dungeon.
You visited 1 branch of the dungeon, and saw 4 of its levels.

You collected 124 gold pieces.

Inventory:

Hand Weapons
 a - a +2 short sword of venom
 h - a +1 falchion of holy wrath (weapon)
Missiles
 b - 15 poisoned darts (quivered)
Armour
 e - a +0 robe (worn)
Jewellery
 g - an amulet of guardian spirit (around neck)
 j - a +5 ring of evasion (left hand)
 o - a ring of protection from fire (right hand)
Scrolls
 d - 3 scrolls of identify
 k - 3 scrolls of teleportation
 m - 2 scrolls of enchant armour {unknown}
 p - a scroll of enchant weapon {unknown}
Potions
 i - a potion of berserk rage
 n - a potion of haste


   Skills:
 + Level 1.1 Fighting
 + Level 4.6 Short Blades
 + Level 1.1 Long Blades
 + Level 1.1 Axes
 + Level 1.1 Maces & Flails
 + Level 1.1 Polearms
 + Level 1.1 Staves
 + Level 1.1 Ranged Weapons
 + Level 4.6 Throwing
 + Level 1.1 Armour
 + Level 1.1 Dodging
 + Level 1.1 Stealth
 + Level 1.1 Shields
 + Level 1.1 Unarmed Combat
 + Level 3.0 Spellcasting
 + Level 0.9 Conjurations
 + Level 0.9 Hexes
 + Level 0.9 Summonings
 + Level 0.9 Necromancy
 + Level 0.9 Translocations
 + Level 0.9 Transmutations
 + Level 0.9 Fire Magic
 + Level 0.9 Ice Magic
 + Level 0.9 Air Magic
 + Level 0.9 Earth Magic
 + Level 5.4 Poison Magic
 + Level 2.8 Invocations
 + Level 2.7 Evocations


You had 6 spell levels left.
You knew the following spells:

 Your Spells              Type           Power      Damage    Failure   Level
a - Sting                 Tmut/Pois      68%        1d6       5%          1
b - Passwall              Tmut/Erth      5%         N/A       21%         2

Your spell library contained the following spells:

 Spells                   Type           Power      Damage    Failure   Level
 Sandblast                Erth           14%        2d6       14%         1
 Spider Form              Tmut/Pois      17%        N/A       16%         3
 Olgreb's Toxic Radiance  Pois           28%        N/A       22%         4
 Portal Projectile        Hex/Tloc       14%        N/A       38%         3
 Stone Arrow              Conj/Erth      14%        3d7       38%         3
 Tukima's Dance           Hex            7%         N/A       38%         3
 Blade Hands              Tmut           3%         N/A       98%         5


Dungeon Overview and Level Annotations

Branches:
Dungeon (4/15)
 Temple: D:4-7

Altars:


Innate Abilities, Weirdness & Mutations

You have very sharp teeth.
Your uncanny sense of smell can sniff out nearby items.
Your experience applies equally to all skills.


Message History

The iguana bites you.
You barely miss the iguana.
The iguana is lightly wounded.
The iguana bites you.
You barely miss the iguana.
The iguana is lightly wounded.
The iguana bites you!
* * * LOW HITPOINT WARNING * * *
The iguana misses you.
You slash the iguana!
The iguana is heavily wounded.
The iguana misses you.
You barely miss the iguana.
The iguana is heavily wounded.
The iguana closely misses you.
You closely miss the iguana.
The iguana is heavily wounded.
The iguana bites you.
* * * LOW HITPOINT WARNING * * *
You hit the iguana but do no damage.
The iguana is heavily wounded.
The iguana closely misses you. x2
You closely miss the iguana.
The iguana is heavily wounded.
The iguana bites you.
* * * LOW HITPOINT WARNING * * *
You hit the iguana but do no damage.
The iguana is heavily wounded.
The iguana misses you.
It was a potion of brilliance.
You feel clever all of a sudden. The iguana closely misses you.
You feel better. The iguana misses you.
You hit the iguana but do no damage.
The iguana is heavily wounded.
The iguana bites you.
You hit the iguana.
The iguana is heavily wounded.
The iguana bites you!
You die...

# #.....................###
#.#........#.....####.....#
#.#........#.....####.#.###
..........##.....+....#.#
#.#.#####.###....######.#
#.#.#####.....#####.....#
...............# #.#####
..#<#####......####.#
................@l..#
..#.#####.####.#.##.#
.......##.# #.#.##.######
.......##.# ##.#.........##
.......##.. ...............
.......# .# .#.#.##.####.##
.......+ #.#.##.####.###
.......# #.............#
.......# # #.#.##..###.###


You could see an iguana.

Vanquished Creatures
  An adder (D:3)
  A worm (D:2)
  3 dart slugs
  6 endoplasms
  3 giant cockroaches (D:1)
  4 goblins
  2 hobgoblins (D:2)
  4 jackals (D:2)
  5 kobolds
  3 quokkas (D:1)
  5 ball pythons
  5 bats
  5 frilled lizards
  6 rats
53 creatures vanquished.

Notes
Turn   | Place    | Note
-------+----------+-------------------------------------------
     0 | D:1      | MineK the Gnoll Wanderer began the quest for the Orb.
     0 | D:1      | MineK set off with the following items: a +0 short sword,
                  | 10 poisoned darts, a +0 dagger, a potion of attraction, a
                  | +0 robe; and the following spell memorised: Sting; and the
                  | following spells available to memorise: Spider Form,
                  | Olgreb's Toxic Radiance.
     0 | D:1      | Reached XP level 1. HP: 13/13 MP: 4/4
   155 | D:1      | Reached XP level 2. HP: 19/19 MP: 5/5
   436 | D:1      | Reached XP level 3. HP: 25/25 MP: 7/7
  1018 | D:2      | Reached skill level 1 in Fighting
  1018 | D:2      | Reached skill level 1 in Long Blades
  1018 | D:2      | Reached skill level 1 in Axes
  1018 | D:2      | Reached skill level 1 in Maces & Flails
  1018 | D:2      | Reached skill level 1 in Polearms
  1018 | D:2      | Reached skill level 1 in Staves
  1018 | D:2      | Reached skill level 1 in Ranged Weapons
  1018 | D:2      | Reached skill level 1 in Armour
  1018 | D:2      | Reached skill level 1 in Dodging
  1018 | D:2      | Reached skill level 1 in Stealth
  1018 | D:2      | Reached skill level 1 in Shields
  1018 | D:2      | Reached skill level 1 in Unarmed Combat
  1831 | D:3      | Reached XP level 4. HP: 30/32 MP: 5/8
  1903 | D:3      | Learned a level 2 spell: Passwall
  2085 | D:3      | You fall into a shaft and drop 1 floor!
  2180 | D:4      | Noticed a scorpion
  2180 | D:4      | Noticed a scorpion
  2229 | D:3      | Slain by an iguana

Illustrated notes

Levels and vault maps discovered:
D:1:      minmay_arrival_loop, layout_loops_cross
D:2:      layout_basic
D:3:      layout_basic
D:4:      layout_layer_cave, lightli_ossuary_entry_decrepit_ruins,
          pf_guarded_unrand_meek, uniq_grinder

Skill      XL: |  1  2  3 |
---------------+----------+-----
Fighting       | 1 |  1.1
Long Blades    | 1 |  1.1
Axes           | 1 |  1.1
Maces & Flails | 1 |  1.1
Polearms       | 1 |  1.1
Staves         | 1 |  1.1
Ranged Weapons | 1 |  1.1
Armour         | 1 |  1.1
Dodging        | 1 |  1.1
Stealth        | 1 |  1.1
Shields        | 1 |  1.1
Unarmed Combat | 1 |  1.1
Spellcasting   | 3 |  3.0
Short Blades   | |  4.6
Throwing       | |  4.6
Conjurations   | |  0.9
Hexes          | |  0.9
Summonings     | |  0.9
Necromancy     | |  0.9
Translocations | |  0.9
Transmutations | |  0.9
Fire Magic     | |  0.9
Ice Magic      | |  0.9
Air Magic      | |  0.9
Earth Magic    | |  0.9
Poison Magic   | |  5.4
Invocations    | |  2.8
Evocations     | |  2.7

Action                   |  1- 3 |  4- 6 || total
-------------------------+-------+-------++-------
Melee: Short sword       |    13 |       ||    13
       Bite              |     7 |     3 ||    10
       Falchion          |    94 |    40 ||   134
  Use: Potion            |     3 |     2 ||     5
       Scroll            |       |     3 ||     3
 Stab: Sleeping          |     4 |     1 ||     5
       Distracted        |     1 |       ||     1
Armor: Robe              |    17 |     8 ||    25
Dodge: Dodged            |    81 |    64 ||   145

Table legend: (Time is in decaauts)
 A = Elapsed time spent in this place.
 B = Non-inter-level travel time spent in this place.
 C = Inter-level travel time spent in this place.
 D = Time resting spent in this place.
 E = Time spent auto-exploring this place.
 F = Levels seen in this place.
 G = Mean time per level.
                   A        B        C        D        E       F      G
               +--------+--------+--------+--------+--------+-----+--------+
         Total |   2243 |   2013 |    230 |    101 |   1342 |   4 |  560.8 |
       Dungeon |   2243 |   2013 |    230 |    101 |   1342 |   4 |  560.8 |
               +--------+--------+--------+--------+--------+-----+--------+

Top non-repeatable levels by time:
     D:1: 910 daAuts
     D:2: 858 daAuts
     D:3: 350 daAuts
     D:4: 124 daAuts
